 Dungeon Crawl Stone Soup version 0.21.0 (webtiles) character file.

176174 piemaster the Severer (level 17, -7/158 HPs)
             Began as a Minotaur Berserker on Jan 6, 2018.
             Was a High Priest of Trog.
             Killed from afar by a smoke demon (15 damage)
             ... with a ball of steam
             ... on level 3 of the Abyss on Jan 7, 2018.
             The game lasted 03:45:55 (31610 turns).

piemaster the Severer (Minotaur Berserker)         Turns: 31610, Time: 03:45:55

Health: -7/158     AC: 29    Str: 24    XL:     17   Next: 50%
Magic:  14/16      EV: 14    Int:  6    God:    Trog [*****.]
Gold:   959        SH: 20    Dex: 18    Spells: 16/16 levels left

rFire    . . .     SeeInvis +   g - +2 broad axe (distort)
rCold    + . .     Gourm    +   x - +0 large shield
rNeg     + + .     Faith    .   m - +0 plate armour {rC+}
rPois    +         Spirit   .   D - +1 hat
rElec    +         Reflect  .   b - +3 cloak of the Game of Kings {rElec rCorr}
rCorr    +         Harm     .   C - +0 pair of gloves of a treasure trove {rN++ Int+2 Slay+2}
MR       +++..                  K - +0 pair of boots of Leaves {rPois Dex+3}
Stlth    ..........             o - amulet of the gourmand
HPRegen  1.36/turn              j - ring "Hypel" {SInv Stlth+}
MPRegen  0.15/turn              W - +3 ring of protection

@: regenerating
A: retaliatory headbutt, horns 2
a: Berserk, Trog's Hand, Brothers in Arms, Burn Spellbooks, Renounce Religion


You were on level 3 of the Abyss.
You worshipped Trog.
Trog was extremely pleased with you.
You were not hungry.

You visited 3 branches of the dungeon, and saw 20 of its levels.
You visited the Abyss 2 times.
You also visited: Sewer.

You collected 2100 gold pieces.
You spent 1141 gold pieces at shops.

Inventory:

Hand Weapons
 d - a +3 war axe of freezing
 f - a +3 executioner's axe of holy wrath
 g - a +2 broad axe of distortion (weapon)
 p - a +4 antimagic war axe
 q - a +0 battleaxe of flaming
 F - a +2 war axe of flaming
Armour
 b - the +3 cloak of the Game of Kings (worn) {rElec rCorr}
   (You bought it in a shop on level 12 of the Dungeon)

   It insulates you from electricity.
   It protects you from acid and corrosion.
 m - a +0 plate armour of cold resistance (worn)
 x - a +0 large shield (worn)
 C - the +0 pair of gloves of a treasure trove (worn) {rN++ Int+2 Slay+2}
   (You found it on level 6 of the Dungeon)

   It affects your intelligence (+2).
   It affects your accuracy and damage with ranged weapons and melee attacks
   (+2).
   It greatly protects you from negative energy.
 D - a +1 hat (worn)
 K - the +0 pair of boots of Leaves (worn) {rPois Dex+3}
   (You bought it in a shop on level 2 of the Orcish Mines)

   It affects your dexterity (+3).
   It protects you from poison.
Jewellery
 j - the ring "Hypel" (left hand) {SInv Stlth+}
   (You found it on level 15 of the Dungeon)

   [ring of see invisible]

   It lets you see invisible.
   It makes you more stealthy.
 o - an amulet of the gourmand (around neck)
 I - a +5 ring of slaying {unknown}
 V - a +2 ring of evasion
 W - a +3 ring of protection (right hand)
Wands
 y - a wand of polymorph (40)
 B - a wand of iceblast (16)
 E - a wand of flame (46)
 G - a wand of clouds (5)
 H - a wand of paralysis (31)
 Z - a wand of disintegration (7)
Scrolls
 l - 3 scrolls of remove curse
 t - 3 scrolls of fear
 w - a scroll of brand weapon
 z - 3 scrolls of magic mapping
 L - a scroll of torment {unknown}
 O - 4 scrolls of fog
 Y - a scroll of identify
Potions
 e - 2 potions of haste
 h - a potion of mutation
 i - 6 potions of curing
 k - a potion of lignification
 n - 2 potions of might
 r - 4 potions of brilliance
 u - 2 potions of ambrosia
 J - 2 potions of flight
 M - a potion of cancellation
 Q - a potion of agility
 U - 4 potions of magic
Books
 s - a book of Clouds

   Spells                             Type                      Level
   a - Poisonous Vapours              Poison/Air                   2
   b - Mephitic Cloud                 Conjuration/Poison/Air       3
   c - Conjure Flame                  Conjuration/Fire             3
   d - Freezing Cloud                 Conjuration/Ice/Air          6
   e - Ring of Flames                 Charms/Fire                  7
   Trog disapproves of the use of such an item.
Miscellaneous
 v - a phantom mirror
 R - a lamp of fire
 S - a sack of spiders
 T - a lightning rod (4/4)
 X - a phial of floods
Comestibles
 c - 24 rations


   Skills:
 + Level 15.8 Fighting
 * Level 20.9 Axes
 + Level 15.6 Armour
 + Level 14.4 Dodging
 + Level 13.1 Shields


You had 16 spell levels left.
You didn't know any spells.

Dungeon Overview and Level Annotations

Branches:
Dungeon (15/15)            Temple (0/1) D:6            Lair (0/6) D:10
    Orc (2/2) D:11            Elf (3/3) Orc:2        Vaults (0/5) D:14
 Depths (0/5) D:15

Altars:
Ashenzari
Cheibriados
Dithmenos
Elyvilon
Fedhas
Gozag
Kikubaaqudgha
Nemelex Xobeh
Okawaru
Qazlal
Ru
Sif Muna
Trog
Xom
Beogh

Shops:
D:4 *   D:11 (   D:12 *   D:15 %   Orc:2 [:}

Annotations:
Abyss:1 Azrael, Mara


Innate Abilities, Weirdness & Mutations

You reflexively headbutt those who attack you in melee.
You have a pair of horns on your head.


Message History

You feel more energetic.
You feel healthier.
A spatial vortex comes into view.
Your skin crawls.
You feel resistant to hostile enchantments.
You feel somewhat more hungry.
Your troll bites the raiju!
Your troll closely misses the raiju.
Your troll claws the raiju!
The smoke demon gestures at you. Something smites you!
* * * LOW HITPOINT WARNING * * *
The spatial vortex moves out of view.
The raiju misses your troll.
Your troll bites the raiju!
The raiju dies!
Trog accepts your kill. The smoke demon gestures at you.
The sticky flame misses your troll.
A spatial maelstrom comes into view.
The spatial maelstrom moves out of view.
The smoke demon gestures at you. The ball of steam hits your troll.
The ball of steam hits you!
You die...

. # . # .
. # . . .
. # ### .
. . .
...## ###
. .. ##@#
.
#...§§.#
#
..#T§.###
#
#.3.##..
#.# . ...
# .# . #
.# .# . .
. .. . #
## .


There were no monsters in sight!

Vanquished Creatures
  5 tentacled starspawn (Abyss:3)
  The ghost of Aviak the Protected, a journeyman DDFi of Makhleb (Orc:2)
  3 deep elf sorcerers (Elf:3)
  2 orc warlords
  5 deep elf elementalists (Elf:3)
  A stone giant (Orc:2)
  4 deep elf demonologists (Elf:3)
  3 deep elf annihilators (Elf:3)
  A deep elf death mage (Elf:3)
  7 deep elf high priests (Elf:3)
  2 vault guards (D:14)
  3 centaur warriors
  4 two-headed ogres
  18 dancing weapons
  A vampire mage (Abyss:3)
  3 orc high priests (Orc:2)
  5 thrashing horrors (Abyss:3)
  19 deep elf knights
  A wretched star (Abyss:3)
  7 skeletal warriors
  2 unseen horrors
  8 deep elf archers
  3 wizards (D:14)
  2 necromancers
  8 orc knights
  2 orc sorcerers (Orc:2)
  A manticore (D:14)
  15 ugly things
  36 deep elf magi
  5 cyclopes
  4 centaur zombies
  Psyche (D:10)
  A gargoyle (D:11)
  A guardian serpent (Abyss:3)
  2 naga magi (D:15)
  A smoke demon (Abyss:3)
  A komodo dragon (shapeshifter) (D:14)
  4 centaur skeletons
  A kobold demonologist (D:8)
  A freezing wraith (D:13)
  A tormentor (Abyss:3)
  A yaktaur (D:14)
  3 ancient zymes (Abyss:3)
  A hornet (shapeshifter) (D:15)
  A troll (shapeshifter) (D:14)
  7 slime creatures
  5 trolls
  A harpy zombie (D:13)
  2 raiju (Abyss:3)
  A harpy skeleton (D:15)
  5 hippogriffs
  3 flying skulls (Abyss:3)
  3 air elementals
  2 large abominations (Abyss:3)
  A shadow (D:14)
  A spriggan (shapeshifter) (D:13)
  A ynoxinul (Abyss:3)
  A wraith (D:8)
  2 water elementals
  6 wyverns
  6 yaks (D:13)
  2 vampires
  9 fire elementals
  15 humans (D:14)
  A vampire mosquito (D:8)
  2 basilisks
  A neqoxec (Abyss:3)
  A harpy simulacrum (D:15)
  5 wargs
  A water moccasin (D:11)
  A soldier ant (D:12)
  A hell hound (Orc:2)
  A floating eye (shapeshifter) (D:13)
  4 ice beasts
  7 sky beasts
  An ice dragon simulacrum (Abyss:3)
  3 necrophages
  46 orc warriors
  3 phantoms
  17 ogres
  A black bear (D:12)
  2 crocodiles
  9 centaurs
  3 big kobolds
  9 bullfrogs
  2 wyvern zombies
  An earth elemental (Elf:1)
  2 gnoll sergeants (D:11)
  2 small abominations
  4 scorpions
  A wyvern skeleton (D:11)
  2 killer bees (D:7)
  7 howler monkeys
  3 wights (D:13)
  2 jellies
  8 crimson imps
  A bullfrog zombie (D:12)
  28 orc priests
  8 starcursed masses (Abyss:3)
  3 hounds
  4 bullfrog skeletons
  5 iguanas
  22 orc wizards
  6 worker ants
  A hound zombie (D:6)
  A howler monkey zombie (D:6)
  A worker ant zombie (D:9)
  8 gnolls
  11 adders
  5 shadow imps
  12 white imps (D:13)
  4 oozes
  An adder zombie (D:7)
  3 adder skeletons
  5 worms
  A dart slug (D:3)
  4 leopard geckos
  87 orcs
  11 bats
  5 giant cockroaches
  6 hobgoblins
  3 jackals (D:7)
  5 quokkas
  A ball python (D:3)
  6 frilled lizards
  5 goblins
  A jackal skeleton (D:7)
  5 kobolds
  2 leopard gecko skeletons (D:6)
  A quokka skeleton (D:7)
  13 rats
  2 crawling corpses (Elf:3)
  2 plants (D:12)
  A starspawn tentacle (Abyss:3)
717 creatures vanquished.

Vanquished Creatures (collateral kills)
  Louise (Elf:1)
  Snorg (D:13)
  3 hydras
  2 dancing weapons (Elf:2)
  2 deep elf knights (Elf:2)
  A sixfirhy (Abyss:3)
  3 deep elf magi (Elf:2)
  2 raiju (Abyss:3)
  A small abomination (Abyss:3)
  An orc warrior (Elf:1)
17 creatures vanquished.

Vanquished Creatures (others)
  A hellephant (Abyss:3)
  A deep elf master archer (Elf:3)
  A deep elf sorcerer (Elf:3)
  2 deep elf demonologists (Elf:3)
  4 deep elf knights
  2 orc sorcerers
  6 deep elf magi
  An orc knight (Elf:1)
  An ugly thing (D:14)
  A cyclops (Orc:2)
  A centaur zombie (D:15)
  A freezing wraith (D:14)
  A yaktaur (D:14)
  A human (D:14)
  A warg (Orc:2)
  A hell hound (Orc:2)
  2 orc warriors
  2 ogres
  A sky beast (D:15)
  A howler monkey (D:14)
  An orc wizard (Orc:2)
  An orc (Orc:2)
  A lurking horror (Abyss:3)
  5 plants
  11 starspawn tentacles (Abyss:3)
51 creatures vanquished.

Grand Total: 785 creatures vanquished

Notes
Turn   | Place    | Note
-------+----------+-------------------------------------------
     0 | D:1      | piemaster the Minotaur Berserker began the quest for the Orb.
     0 | D:1      | Reached XP level 1. HP: 19/19 MP: 0/0
   310 | D:1      | Reached XP level 2. HP: 27/27 MP: 1/1
   824 | D:2      | Reached skill level 4 in Axes
   826 | D:2      | Reached ** piety under Trog
   855 | D:2      | Reached XP level 3. HP: 29/33 MP: 2/2
  1151 | D:2      | Found an ancient bone altar of Kikubaaqudgha.
  1190 | D:2      | Found a shattered altar of Ashenzari.
  1419 | D:2      | Found a deep blue altar of Sif Muna.
  1610 | D:3      | Reached XP level 4. HP: 41/41 MP: 3/3
  2034 | D:3      | Found a shimmering altar of Xom.
  2083 | D:3      | Reached XP level 5. HP: 47/47 MP: 4/4
  2127 | D:3      | Found a sacrificial altar of Ru.
  2681 | D:4      | Found Zupit's Assorted Antiques.
  2832 | D:4      | Reached skill level 5 in Axes
  2847 | D:4      | Found a glowing drain.
  2870 | Sewer    | Entered a sewer
  2873 | Sewer    | Reached skill level 5 in Fighting
  2891 | Sewer    | Noticed a crocodile
  2915 | Sewer    | Killed a crocodile
  2915 | Sewer    | Reached XP level 6. HP: 56/56 MP: 5/5
  3466 | D:4      | Found a sparkling altar of Nemelex Xobeh.
  3690 | D:4      | Reached skill level 6 in Axes
  3754 | D:5      | Entered Level 5 of the Dungeon
  3754 | D:5      | Noticed a sky beast
  3860 | D:4      | Reached XP level 7. HP: 61/61 MP: 6/6
  4039 | D:4      | Reached skill level 5 in Armour
  4579 | D:5      | Reached skill level 7 in Axes
  4601 | D:5      | Found a white marble altar of Elyvilon.
  4743 | D:6      | Reached skill level 5 in Dodging
  4915 | D:6      | Reached *** piety under Trog
  5064 | D:6      | Reached XP level 8. HP: 70/70 MP: 7/7
  5069 | D:6      | Got a pair of shimmering gloves
  5075 | D:6      | Identified the cursed +0 pair of gloves of a treasure trove {rN++ Int+2 Slay+2} (You found it on level 6 of the Dungeon)
  5136 | D:6      | Reached skill level 8 in Axes
  5678 | D:7      | Found a shadowy altar of Dithmenos.
  5685 | D:7      | Found an opulent altar of Gozag.
  5690 | D:7      | Found a snail-covered altar of Cheibriados.
  5752 | D:7      | Found a flagged portal.
  5908 | D:7      | Reached skill level 9 in Axes
  6386 | D:6      | Found a staircase to the Ecumenical Temple.
  6493 | D:6      | Reached XP level 9. HP: 79/79 MP: 8/8
  6661 | D:6      | Found a stormy altar of Qazlal.
  6839 | D:8      | Reached **** piety under Trog
  6963 | D:8      | Noticed a cyclops
  6977 | D:8      | Killed a cyclops
  7037 | D:8      | Reached skill level 10 in Axes
  7125 | D:8      | Found a blossoming altar of Fedhas.
  7631 | D:8      | Noticed a kobold demonologist
  7643 | D:8      | Killed a kobold demonologist
  7695 | D:8      | Reached skill level 11 in Axes
  7708 | D:8      | Noticed a centaur warrior
  7720 | D:8      | Killed a centaur warrior
  7720 | D:8      | Reached XP level 10. HP: 90/90 MP: 9/9
  7932 | D:8      | Noticed a two-headed ogre
  8043 | D:8      | Killed a two-headed ogre
  8942 | D:9      | Found a bloodstained altar of Trog.
  8952 | D:9      | Found a bloodstained altar of Trog.
  9363 | D:9      | Reached skill level 12 in Axes
  9830 | D:10     | Entered Level 10 of the Dungeon
 10063 | D:10     | Reached ***** piety under Trog
 10092 | D:10     | Noticed Psyche
 10104 | D:10     | Killed Psyche
 10593 | D:10     | Found a staircase to the Lair.
 11072 | D:11     | Found a staircase to the Orcish Mines.
 11112 | D:11     | Reached XP level 11. HP: 65/99 MP: 10/10
 11139 | D:11     | Reached skill level 10 in Fighting
 11782 | D:11     | Reached skill level 13 in Axes
 11850 | D:11     | Killed an unseen horror
 11850 | D:11     | Reached skill level 1 in Shields
 12041 | D:11     | Found Fuqaej's Antique Weapon Emporium.
 12937 | D:12     | Found Exkupt's Assorted Antiques.
 12941 | D:12     | Noticed a two-headed ogre
 12942 | D:12     | Bought a brightly glowing cloak for 304 gold pieces
 12950 | D:12     | Killed a two-headed ogre
 12950 | D:12     | Reached skill level 10 in Armour
 13121 | D:12     | Identified the +3 cloak of the Game of Kings {rElec rCorr} (You bought it in a shop on level 12 of the Dungeon)
 13147 | D:12     | Found an iron altar of Okawaru.
 13208 | D:12     | Noticed a four-headed hydra
 13418 | D:11     | Killed a four-headed hydra
 14291 | D:13     | Reached skill level 14 in Axes
 14448 | D:13     | Received a gift from Trog
 14578 | D:13     | Noticed a skeletal warrior
 14578 | D:13     | Noticed a skeletal warrior
 14578 | D:13     | Noticed a skeletal warrior
 14578 | D:13     | Noticed a skeletal warrior
 14578 | D:13     | Noticed a skeletal warrior
 14618 | D:12     | Killed a skeletal warrior
 14618 | D:12     | Reached XP level 12. HP: 58/110 MP: 3/11
 15057 | D:13     | Reached skill level 10 in Dodging
 15123 | D:13     | Reached skill level 5 in Shields
 15787 | D:13     | Reached skill level 15 in Axes
 15791 | D:13     | Noticed Snorg
 15814 | D:13     | Killed Snorg
 16244 | D:14     | Received a gift from Trog
 16918 | D:14     | Noticed a six-headed hydra
 16943 | D:14     | Killed a six-headed hydra
 17045 | D:14     | Reached XP level 13. HP: 112/117 MP: 12/12
 17206 | D:14     | Reached skill level 16 in Axes
 17206 | D:14     | Reached XP level 14. HP: 125/127 MP: 13/13
 17290 | D:14     | Found a gate to the Vaults.
 18462 | D:15     | Entered Level 15 of the Dungeon
 18662 | D:15     | Found a staircase to the Depths.
 18836 | D:15     | Got a scorched jade ring
 19004 | D:15     | Reached skill level 17 in Axes
 19169 | D:15     | Found Feuwawn's Food Shoppe.
 19889 | Orc:1    | Entered Level 1 of the Orcish Mines
 20069 | Orc:2    | Entered Level 2 of the Orcish Mines
 20111 | Orc:2    | Noticed Aviak's ghost (journeyman DDFi)
 20136 | Orc:2    | Killed Aviak's ghost
 20471 | Orc:2    | Noticed an orc warlord
 20514 | Orc:2    | Killed an orc warlord
 20884 | Orc:2    | Found Kamma's Weapon Shop.
 21369 | Orc:2    | Found a roughly hewn altar of Beogh.
 21394 | Orc:2    | Reached XP level 15. HP: 134/136 MP: 14/14
 21395 | Orc:2    | Found Venitaaha's Gadget Emporium.
 21429 | Orc:2    | Bought a phial of floods for 600 gold pieces
 21454 | Orc:2    | Received a gift from Trog
 21718 | Orc:2    | Found a roughly hewn altar of Beogh.
 21831 | Orc:2    | Found Dirunn's Book Emporium.
 21847 | Orc:2    | Found Lyuxat's Antique Armour Shoppe.
 21863 | Orc:2    | Bought a pair of encrusted boots for 237 gold pieces
 21877 | Orc:2    | Identified the +0 pair of boots of Leaves {rPois Dex+3} (You bought it in a shop on level 2 of the Orcish Mines)
 21943 | Orc:2    | Reached skill level 18 in Axes
 22149 | Orc:2    | Reached skill level 10 in Shields
 22174 | Orc:2    | Identified the Papyrus of Contamination
 22213 | Orc:2    | Noticed Azrael
 22244 | Orc:2    | Banished Azrael
 22542 | Orc:2    | Found a staircase to the Elven Halls.
 22891 | Elf:1    | Entered Level 1 of the Elven Halls
 23214 | Elf:1    | Noticed an orc warlord
 23670 | Elf:1    | Killed an orc warlord
 24329 | Elf:1    | Noticed Louise
 24540 | Elf:1    | Killed Louise
 24607 | Elf:1    | Identified the ring "Hypel" {SInv Stlth+} (You found it on level 15 of the Dungeon)
 25972 | Elf:2    | Reached skill level 19 in Axes
 25987 | Elf:2    | Found a runed gate.
 25987 | Elf:2    | Found a runed gate.
 25989 | Elf:2    | Found a runed gate.
 26043 | Elf:2    | Reached XP level 16. HP: 137/147 MP: 15/15
 26052 | Elf:2    | Received a gift from Trog
 27196 | Elf:3    | Entered Level 3 of the Elven Halls
 27237 | Elf:3    | Noticed Mara
 27269 | Elf:3    | Banished Mara
 28623 | Elf:3    | Noticed a deep elf master archer
 28726 | Elf:3    | Reached skill level 15 in Fighting
 29016 | Elf:3    | Noticed an Executioner
 29224 | Elf:3    | Reached skill level 20 in Axes
 29226 | Elf:3    | Reached skill level 15 in Armour
 29349 | Elf:3    | Noticed a deep elf master archer
 29658 | Elf:3    | Banished a deep elf master archer
 30303 | Elf:3    | Noticed a Brimstone Fiend
 30392 | Elf:3    | Reached XP level 17. HP: 153/156 MP: 16/16
 30401 | Elf:3    | Cast into level 3 of the Abyss (a deep elf sorcerer)
 30406 | Abyss:3  | Found a corrupted altar of Lugonu.
 30448 | Abyss:3  | Found a corrupted altar of Lugonu.
 30641 | Abyss:3  | Noticed a hellephant
 30649 | Abyss:3  | Banished a hellephant
 30824 | Abyss:3  | Paralysed by a great orb of eyes for 6 turns
 30849 | Abyss:3  | Found a corrupted altar of Lugonu.
 30938 | Elf:3    | Escaped the Abyss
 31227 | Elf:3    | Cast into level 3 of the Abyss (a deep elf sorcerer)
 31316 | Abyss:3  | Noticed a lich
 31607 | Abyss:3  | HP: 4/158 [smoke demon/divine providence (15)]
 31610 | Abyss:3  | Killed from afar by a smoke demon

Skill      XL: |  1  2  3  4  5  6  7  8  9 10 11 12 13 14 15 16 17 |
---------------+----------------------------------------------------+-----
Fighting       | 4 5 6 7 8 9 11 12 13 14 15 | 15.8
Axes           | 4 5 6 7 9 11 12 14 15 16 17 19 20 | 20.9
Armour         | 3 4 5 6 8 9 10 11 12 13 14 15 | 15.6
Dodging        | 3 4 5 6 7 8 9 10 11 12 13 14 | 14.4
Shields        | 4 6 8 9 11 12 13 | 13.1

Action                   |  1- 3 |  4- 6 |  7- 9 | 10-12 | 13-15 | 16-18 || total
-------------------------+-------+-------+-------+-------+-------+-------++-------
Melee: Hand axe          |    74 |   101 |   232 |   409 |       |       ||   816
       Headbutt          |    11 |    18 |    51 |   169 |   229 |   130 ||   608
       War axe           |       |       |       |   217 |       |       ||   217
       Broad axe         |       |       |       |    15 |   956 |   482 ||  1453
Invok: Berserk           |     2 |     4 |    12 |    12 |     9 |    13 ||    52
       Trog's Hand       |       |     1 |       |     3 |       |     1 ||     5
       Brothers in Arms  |       |       |       |     6 |     9 |     6 ||    21
       Burn Spellbooks   |       |       |       |     2 |     3 |       ||     5
Evoke: Wand              |       |       |       |     2 |     6 |       ||     8
       Lamp of fire      |       |       |       |       |     1 |     1 ||     2
       Phial of floods   |       |       |       |       |     1 |       ||     1
  Use: Scroll            |     4 |     4 |       |    25 |     4 |     1 ||    38
       Potion            |       |     1 |       |     3 |     6 |     2 ||    12
 Stab: Distracted        |       |       |       |       |     1 |     1 ||     2
  Eat: Chunk             |     3 |     4 |     9 |    46 |    37 |    23 ||   122
       Ration            |       |     2 |     4 |     2 |     2 |       ||    10
Armor: Animal skin       |     9 |       |       |       |       |       ||     9
       Ring mail         |     2 |    15 |       |       |       |       ||    17
       Scale mail        |       |    12 |       |       |       |       ||    12
       Chain mail        |       |     8 |    74 |       |       |       ||    82
       Plate armour      |       |       |    36 |   308 |   244 |   116 ||   704
Dodge: Dodged            |    41 |    51 |    85 |   277 |   275 |   105 ||   834
Block: Buckler           |       |       |       |    59 |    16 |       ||    75
       Shield            |       |       |       |       |   253 |       ||   253
       Large shield      |       |       |       |       |   148 |   299 ||   447
